DBL
LOS ANGELES DODGERS @ SEATTLE PILOTS
05/11/1997
 
TOP OF THE 1ST
Los Angeles Dodgers batting - Pitching for Seattle Pilots : LHP Chris Haney
Pitching: LHP Chris Haney
Batting: SHB Jason Varitek 0-0: SINGLE (Groundball, 6MD, EV 94.4 MPH)
Batting: LHB Rafael Palmeiro 0-0: Called Strike
0-1: Ball
1-1: Grounds into double play, 4-6-3 (Groundball, 4, EV 79.4 MPH)
Batting: LHB Ryan Klesko 0-0: Ground out 4-3 (Groundball, 4, EV 85.6 MPH)
Top of the 1st over - 0 runs, 1 hit, 0 errors, 0 left on base; Los Angeles 0 - Seattle 0
BOTTOM OF THE 1ST
Seattle Pilots batting - Pitching for Los Angeles Dodgers : RHP Aaron Sele
Pitching: RHP Aaron Sele
Batting: SHB Mark McLemore 0-0: Called Strike
0-1: Foul Ball, location: 2F
0-2: Foul Ball, location: 2F
0-2: Foul Ball, location: 2F
0-2: Ball
1-2: Ground out 6-3 (Groundball, 6S, EV 69.4 MPH)
Batting: SHB Bill R Mueller 0-0: Ball
1-0: Called Strike
1-1: Called Strike
1-2: Strikes out swinging
Batting: LHB Ken Griffey Jr. 0-0: Ball
1-0: Ball
2-0: Ground out U3 (Groundball, 3S, EV 72.5 MPH)
Bottom of the 1st over - 0 runs, 0 hits, 0 errors, 0 left on base; Los Angeles 0 - Seattle 0
TOP OF THE 2ND
Los Angeles Dodgers batting - Pitching for Seattle Pilots : LHP Chris Haney
Batting: RHB Homer Bush 0-0: Called Strike
0-1: SINGLE (Groundball, 3D, EV 95.0 MPH)
Batting: RHB Joe Randa 0-0: Foul Ball, location: 2F
0-1: Ball
1-1: Ball
2-1: Ball
3-1: Foul Ball, location: 2F
3-2: Base on Balls
Homer Bush to second
Batting: RHB Torii Hunter 0-0: Fly out, F4 (Flyball, 34D, EV 86.3 MPH)
Batting: RHB Brian L Hunter 0-0: Grounds into double play, 6-4-3 (Groundball, 6, EV 85.0 MPH)
Top of the 2nd over - 0 runs, 1 hit, 0 errors, 1 left on base; Los Angeles 0 - Seattle 0
BOTTOM OF THE 2ND
Seattle Pilots batting - Pitching for Los Angeles Dodgers : RHP Aaron Sele
Batting: RHB Edgar Martinez 0-0: Foul Ball, location: 2F
0-1: Called Strike
0-2: Strikes out looking
Batting: RHB Jermaine Dye 0-0: Ball
1-0: Ball
2-0: Called Strike
2-1: Foul Ball, location: 2F
2-2: Ball
3-2: Strikes out looking
Batting: LHB J.T. Snow 0-0: Called Strike
0-1: Swinging Strike
0-2: Ball
1-2: Strikes out swinging
Bottom of the 2nd over - 0 runs, 0 hits, 0 errors, 0 left on base; Los Angeles 0 - Seattle 0
TOP OF THE 3RD
Los Angeles Dodgers batting - Pitching for Seattle Pilots : LHP Chris Haney
Batting: LHB Derrick May 0-0: Foul Ball, location: 2F
0-1: Fly out, F9 (Flyball, 89M, EV 93.8 MPH)
Batting: SHB Jerry Browne 0-0: Ball
1-0: Called Strike
1-1: Swinging Strike
1-2: Ball
2-2: Ground out 6-3 (Groundball, 56, EV 81.3 MPH)
Batting: SHB Jason Varitek 0-0: Called Strike
0-1: Ball
1-1: Swinging Strike
1-2: Strikes out swinging
Top of the 3rd over - 0 runs, 0 hits, 0 errors, 0 left on base; Los Angeles 0 - Seattle 0
BOTTOM OF THE 3RD
Seattle Pilots batting - Pitching for Los Angeles Dodgers : RHP Aaron Sele
Batting: RHB Dante Bichette 0-0: Called Strike
0-1: Swinging Strike
0-2: Fly out, F9 (Line Drive, 9, EV 86.3 MPH)
Batting: RHB Aaron Ledesma 0-0: Ball
1-0: Ball
2-0: Foul Ball, location: 2F
2-1: Fly out, F8 (Line Drive, 8LM, EV 90.6 MPH)
Batting: RHB Francisco Cabrera 0-0: SOLO HOME RUN (Flyball, 8LXD, EV 110.0 MPH), Distance : 435 ft
Batting: SHB Mark McLemore 0-0: Ball
1-0: Swinging Strike
1-1: Ball
2-1: Foul Ball, location: 2F
2-2: Ground out U3 (Groundball, 3L, EV 82.5 MPH)
Bottom of the 3rd over - 1 run, 1 hit, 0 errors, 0 left on base; Los Angeles 0 - Seattle 1
TOP OF THE 4TH
Los Angeles Dodgers batting - Pitching for Seattle Pilots : LHP Chris Haney
Batting: LHB Rafael Palmeiro 0-0: Ball
1-0: Foul Ball, location: 2F
1-1: Ground out 1-3 (Groundball, 15S, EV 68.8 MPH)
Batting: LHB Ryan Klesko 0-0: Called Strike
0-1: Ball
1-1: Swinging Strike
1-2: Strikes out swinging
Batting: RHB Homer Bush 0-0: Swinging Strike
0-1: Ball
1-1: Foul Ball, location: 2F
1-2: Foul Ball, location: 2F
1-2: Strikes out swinging
Top of the 4th over - 0 runs, 0 hits, 0 errors, 0 left on base; Los Angeles 0 - Seattle 1
BOTTOM OF THE 4TH
Seattle Pilots batting - Pitching for Los Angeles Dodgers : RHP Aaron Sele
Batting: SHB Bill R Mueller 0-0: Ground out 5-3 (Groundball, 56S, EV 85.6 MPH)
Batting: LHB Ken Griffey Jr. 0-0: Called Strike
0-1: Swinging Strike
0-2: Strikes out swinging
Batting: RHB Edgar Martinez 0-0: Ball
1-0: Foul Ball, location: 2F
1-1: Ball
2-1: Ball
3-1: Swinging Strike
3-2: Strikes out looking
Bottom of the 4th over - 0 runs, 0 hits, 0 errors, 0 left on base; Los Angeles 0 - Seattle 1
TOP OF THE 5TH
Los Angeles Dodgers batting - Pitching for Seattle Pilots : LHP Chris Haney
Batting: RHB Joe Randa 0-0: Ball
1-0: Ball
2-0: Foul Ball, location: 2F
2-1: Fly out, F8 (Line Drive, 8RM, EV 107.5 MPH)
Batting: RHB Torii Hunter 0-0: Foul Ball, location: 2F
0-1: Foul Ball, location: 2F
0-2: Strikes out swinging
Batting: RHB Brian L Hunter 0-0: Foul Ball, location: 2F
0-1: Ball
1-1: Fly out, F8 (Line Drive, 8RM, EV 93.8 MPH)
Top of the 5th over - 0 runs, 0 hits, 0 errors, 0 left on base; Los Angeles 0 - Seattle 1
BOTTOM OF THE 5TH
Seattle Pilots batting - Pitching for Los Angeles Dodgers : RHP Aaron Sele
Batting: RHB Jermaine Dye 0-0: Ball
1-0: Fly out, F8 (Flyball, 89S, EV 91.9 MPH)
Batting: LHB J.T. Snow 0-0: Swinging Strike
0-1: Ground out 6-3 (Groundball, 6, EV 95.0 MPH)
Batting: RHB Dante Bichette 0-0: Ball
1-0: Ball
2-0: Foul Ball, location: 2F
2-1: Ball
3-1: SOLO HOME RUN (Flyball, 89XD, EV 100.6 MPH), Distance : 406 ft
Batting: RHB Aaron Ledesma 0-0: Ground out 6-3 (Groundball, 6, EV 87.5 MPH)
Bottom of the 5th over - 1 run, 1 hit, 0 errors, 0 left on base; Los Angeles 0 - Seattle 2
TOP OF THE 6TH
Los Angeles Dodgers batting - Pitching for Seattle Pilots : LHP Chris Haney
Batting: LHB Derrick May 0-0: Ground out U3 (Groundball, 3, EV 92.5 MPH)
Batting: SHB Jerry Browne 0-0: Ball
1-0: Foul Ball, location: 2F
1-1: Ground out 6-3 (Groundball, 6, EV 83.8 MPH)
Batting: SHB Jason Varitek 0-0: Ball
1-0: Ball
2-0: Called Strike
2-1: Fly out, F4 (Popup, 34, EV 63.8 MPH)
Top of the 6th over - 0 runs, 0 hits, 0 errors, 0 left on base; Los Angeles 0 - Seattle 2
BOTTOM OF THE 6TH
Seattle Pilots batting - Pitching for Los Angeles Dodgers : RHP Aaron Sele
Batting: RHB Francisco Cabrera 0-0: Ball
1-0: Ball
2-0: Called Strike
2-1: Foul Ball, location: 2F
2-2: Fly out, F4 (Popup, 34S, EV 86.3 MPH)
Batting: SHB Mark McLemore 0-0: Ball
1-0: Ball
2-0: Called Strike
2-1: Ball
3-1: Base on Balls
Batting: SHB Bill R Mueller 0-0: DOUBLE (Flyball, 8LXD, EV 100.6 MPH)
Mark McLemore to third
Batting: LHB Ken Griffey Jr. 0-0: Intentional Walk
Batting: RHB Edgar Martinez 0-0: Ball
1-0: Foul Ball, location: 2F
1-1: Foul Ball, location: 2F
1-2: Strikes out swinging
Batting: RHB Jermaine Dye 0-0: Ball
1-0: Ball
2-0: Foul Ball, location: 2F
2-1: Foul Ball, location: 2F
2-2: Foul Ball, location: 2F
2-2: Ball
3-2: Foul Ball, location: 2F
3-2: Reached on error, E4 (Groundball, 4, EV 96.3 MPH)
Mark McLemore scores
Bill R Mueller to third
Ken Griffey Jr. to second
Batting: LHB J.T. Snow 0-0: Called Strike
0-1: Foul Ball, location: 2F
0-2: Foul Ball, location: 2F
0-2: Ball
1-2: Foul Ball, location: 2F
1-2: Strikes out swinging
Bottom of the 6th over - 1 run, 1 hit, 1 error, 3 left on base; Los Angeles 0 - Seattle 3
TOP OF THE 7TH
Los Angeles Dodgers batting - Pitching for Seattle Pilots : LHP Chris Haney
Batting: LHB Rafael Palmeiro 0-0: Fly out, F8 (Flyball, 89XD, EV 108.8 MPH)
Batting: LHB Ryan Klesko 0-0: Called Strike
0-1: Fly out, F7 (Flyball, 7S, EV 91.9 MPH)
Batting: RHB Homer Bush 0-0: Fly out, F7 (Flyball, 7D, EV 85.6 MPH)
Top of the 7th over - 0 runs, 0 hits, 0 errors, 0 left on base; Los Angeles 0 - Seattle 3
BOTTOM OF THE 7TH
Seattle Pilots batting - Pitching for Los Angeles Dodgers : RHP Aaron Sele
Batting: RHB Dante Bichette 0-0: Called Strike
0-1: Foul Ball, location: 2F
0-2: Strikes out swinging
Pitching: LHP John Franco
Batting: RHB Aaron Ledesma 0-0: Ball
1-0: Called Strike
1-1: Swinging Strike
1-2: Strikes out looking
Batting: RHB Francisco Cabrera 0-0: Ground out 5-3 (Groundball, 56, EV 90.6 MPH)
Bottom of the 7th over - 0 runs, 0 hits, 0 errors, 0 left on base; Los Angeles 0 - Seattle 3
TOP OF THE 8TH
Los Angeles Dodgers batting - Pitching for Seattle Pilots : LHP Chris Haney
Batting: RHB Joe Randa 0-0: SINGLE (Flyball, 9S, EV 90.0 MPH)
Batting: RHB Torii Hunter 0-0: Ball
1-0: Swinging Strike
1-1: Called Strike
1-2: Foul Ball, location: 2F
1-2: Grounds into double play, 5-4-3 (Groundball, 56S, EV 76.3 MPH)
Batting: RHB Brian L Hunter 0-0: Called Strike
0-1: Ball
1-1: Foul Ball, location: 2F
1-2: Strikes out swinging
Top of the 8th over - 0 runs, 1 hit, 0 errors, 0 left on base; Los Angeles 0 - Seattle 3
BOTTOM OF THE 8TH
Seattle Pilots batting - Pitching for Los Angeles Dodgers : LHP John Franco
Batting: SHB Mark McLemore 0-0: Foul Ball, location: 2F
0-1: Called Strike
0-2: Strikes out swinging
Batting: SHB Bill R Mueller 0-0: Ball
1-0: Ball
2-0: Ball
3-0: Called Strike
3-1: Base on Balls
Batting: LHB Ken Griffey Jr. 0-0: Foul Ball, location: 2F
0-1: Foul Ball, location: 2F
0-2: Fly out, F8 (Flyball, 8LS, EV 88.1 MPH)
Batting: RHB Edgar Martinez 0-0: Ball
1-0: Called Strike
1-1: DOUBLE (Flyball, 8RXD, EV 96.3 MPH)
Bill R Mueller to third
Runner from 3rd tries for Home, SAFE, throw by CF to home
Batting: RHB Jermaine Dye 0-0: Ground out 1-3 (Groundball, 23, EV 71.3 MPH)
Bottom of the 8th over - 1 run, 1 hit, 0 errors, 1 left on base; Los Angeles 0 - Seattle 4
TOP OF THE 9TH
Los Angeles Dodgers batting - Pitching for Seattle Pilots : LHP Chris Haney
Batting: LHB Derrick May 0-0: Ball
1-0: Called Strike
1-1: Swinging Strike
1-2: Foul Ball, location: 2F
1-2: Strikes out looking
Batting: SHB Jerry Browne 0-0: Called Strike
0-1: Ball
1-1: Foul Ball, location: 2F
1-2: Fly out, F8 (Line Drive, 8LD, EV 94.4 MPH)
Batting: SHB Jason Varitek 0-0: Called Strike
0-1: Called Strike
0-2: Ball
1-2: Fly out, F9 (Flyball, 9S, EV 90.0 MPH)
Top of the 9th over - 0 runs, 0 hits, 0 errors, 0 left on base; Los Angeles 0 - Seattle 4
Monday, February 9th, 2026 - OOTP Baseball 20.8 Build 74